 Dungeon Crawl Stone Soup version 0.24.1-8-ga250c9d538 (webtiles) character file.

Game seed: 1885466308524117931, levelgen mode: deterministic

10 lepoulpe303 the Grave Robber (level 2, -1/19 HPs)
             Began as a Demonspawn Necromancer on Apr 28, 2020.
             Slain by a hobgoblin
             ... wielding a +0 club
              (6 damage)
             ... on level 1 of the Dungeon.
             The game lasted 00:01:57 (304 turns).

lepoulpe303 the Grave Robber (DsNe)                  Turns: 304, Time: 00:01:58

Health: -1/19      AC:  2    Str:  8    XL:     2   Next: 10%
Magic:  0/5        EV: 12    Int: 16    God:
Gold:   0          SH:  0    Dex: 13    Spells: 4/5 levels left

rFire    . . .     SeeInvis .   (no weapon)
rCold    . . .     Gourm    .   (no shield)
rNeg     . . .     Faith    .   a - +0 robe
rPois    .         Spirit   .   (no helmet)
rElec    .         Reflect  .   (no cloak)
rCorr    .         Harm     .   (no gloves)
MR       .....                  (no boots)
Stlth    ++........             (no amulet)
HPRegen  0.06/turn              (no ring)
MPRegen  0.09/turn              (no ring)

@: no status effects
A: claws 1
a: no special abilities


You were on level 1 of the Dungeon.
You were not hungry.

You visited 1 branch of the dungeon, and saw 1 of its levels.

Inventory:

Missiles
 c - 6 poisoned darts (quivered)
Armour
 a - a +0 robe (worn)
Scrolls
 b - a scroll of amnesia {unknown}
 f - 3 scrolls of teleportation {unknown}
Potions
 d - a potion of might {unknown}
Comestibles
 e - 3 rations


   Skills:
 + Level 2.0 Dodging
 + Level 2.0 Stealth
 + Level 2.1 Spellcasting
 * Level 4.6 Necromancy


You had 4 spell levels left.
You knew the following spells:

 Your Spells              Type           Power        Failure   Level  Hunger
a - Pain                  Necr           ###.         3%          1    #......

Your spell library contained the following spells:

 Spells                   Type           Power        Failure   Level  Hunger
 Animate Skeleton         Necr           N/A          3%          1    #......
 Vampiric Draining        Necr           ###.......   9%          3    ###....
 Regeneration             Chrm/Necr      #.........   24%         3    ###....
 Animate Dead             Necr           N/A          30%         4    #####..


Dungeon Overview and Level Annotations

Branches:
Dungeon (1/15)

Altars:


Innate Abilities, Weirdness & Mutations

You have sharp fingernails.


Message History

MASSIVE DAMAGE!!
Aim: a hobgoblin, wielding a +0 club (severely wounded, chance to defeat MR: 87%)
The hobgoblin barely resists.
* * * LOW MAGIC WARNING * * *
You now have 0/5 mp.
The hobgoblin closely misses you. The hobgoblin hits you with a +0 club.
* * * LOW HITPOINT WARNING * * *
There is an empty arch of ancient stone here.
You take 2 damage, and have 6/19 hp.
There is an empty arch of ancient stone here.
There is an empty arch of ancient stone here.
The hobgoblin closely misses you.
Aim: a hobgoblin, wielding a +0 club (moderately wounded, chance to defeat MR: 87%)
The hobgoblin writhes in agony.
You kill the hobgoblin!
Your Dodging skill increases to level 2!
* * * LOW MAGIC WARNING * * *
The hobgoblin hits you with a +0 club.
You die...

#.## #.............≈#
#..# #..............#
#..###♣..............♣
#.#∩#................♣
###......8.....♣.....#
##...............#∩##
#................∩.#
#♣....)....g.....###
#...♣.....@).....#
#♣........#∩#...##
#♣.......#.#####
##.....##### ##∩####
.# #.# .###..
######.######......
#............#
#.##########.#


You could see a hobgoblin.

Levels and vault maps discovered:
D:1:      nzn_arrival_settlement, layout_loops_ring

Notes
Turn   | Place    | Note
-------+----------+-------------------------------------------
     0 | D:1      | lepoulpe303 the Demonspawn Necromancer began the quest for
                  | the Orb.
     0 | D:1      | Reached XP level 1. HP: 13/13 MP: 3/3
    20 | D:1      | Identified a +0 club
   256 | D:1      | Identified a +0 club
   258 | D:1      | Reached skill level 2 in Stealth
   258 | D:1      | Gained mutation: You have sharp fingernails. [demonic
                  | ancestry]
   258 | D:1      | Reached XP level 2. HP: 18/19 MP: 1/5
   258 | D:1      | Identified a +0 club
   304 | D:1      | Reached skill level 2 in Dodging
   304 | D:1      | Slain by a hobgoblin

Table legend:
 A = Turns spent in this place as a percentage of turns spent in the entire game.
 B = Non-inter-level travel turns spent in this place as a percentage of non-inter-level travel turns spent in the entire game.
 C = Inter-level travel turns spent in this place as a percentage of turns spent in this place.
 D = Turns resting spent in this place as a percentage of non-inter-level travel turns spent in this place.
 E = Turns spent auto-exploring this place as a percentage of non-inter-level travel turns spent in this place.
 F = Non-inter-level travel turns spent in this place divided by the number of levels of this place that you've seen.
                   A       B       C       D       E      F
               +-------+-------+-------+-------+-------+----------------------
         Total | 100.0 | 100.0 |   0.0 |  44.1 |  21.7 | 304.0
       Dungeon | 100.0 | 100.0 |   0.0 |  44.1 |  21.7 | 304.0
               +-------+-------+-------+-------+-------+----------------------

Table legend:
 A = Kills in this place as a percentage of kills in entire the game.
 B = Kills by you in this place as a percentage of kills by you in the entire game.
 C = Kills by friends in this place as a percentage of kills by friends in the entire game.
 D = Other kills in this place as a percentage of other kills in the entire game.
 E = Experience gained in this place as a percentage of experience gained in the entire game.
 F = Experience gained in this place divided by the number of levels of this place that you have seen.
                   A       B       C       D       E      F
               +-------+-------+-------+-------+-------+----------------------
         Total | 100.0 | 100.0 |   N/A |   N/A | 100.0 |  15.0
       Dungeon | 100.0 | 100.0 |   N/A |   N/A | 100.0 |  15.0
               +-------+-------+-------+-------+-------+----------------------

Skill      XL: |  1  2 |
---------------+-------+-----
Stealth        | 2 |  2.0
Dodging        | 2 |  2.0
Spellcasting   | |  2.1
Necromancy     | |  4.6

Action                   || total
-------------------------++-------
Throw: Dart              ||     6
 Cast: Pain              ||    13
Armor: Robe              ||     2
Dodge: Dodged            ||     2

Vanquished Creatures
  An ooze (D:1)
  3 hobgoblins (D:1)
  A bat (D:1)
5 creatures vanquished.
